[Event "fics rated crazyhouse match"]
[Site "fics, Oklahoma City, OK USA"]
[Date "2000.02.11"]
[White "Ebenfelt"]
[WhiteElo "2235"]
[Black "venomous"]
[BlackElo "2442"]
[TimeControl "60+0"]
[Result "1-0"]

1. e4 e6 2. d4 Nc6 3. Nf3 Nf6 4. Bd3 Bb4+ 5. c3 Be7 6. O-O 
d5 7. e5 Ne4 8. Qe2 f5 9. exf6 Bxf6 10. Bxe4 dxe4 11. Qxe4 B@d5 
12. Qe2 P@g4 13. Ne5 Nxe5 14. dxe5 N@f3+ 15. gxf3 gxf3 16. exf6 fxe2 17. P@f7+ 
Kxf7 18. N@e5+ Kxf6 19. N@g4+ Ke7 20. N@g6+ hxg6 21. Nxg6+ Kd7 22. N4e5+ Kd6 
23. P@c5+ Kxc5 24. Be3+ Kb5 25. a4+ Ka5 26. b4+ Ka6 27. b5+ Ka5 28. P@b4# 
{venomous checkmated} 1-0

[Event "fics rated crazyhouse match"]
[Site "fics, Oklahoma City, OK USA"]
[Date "2000.02.11"]
[White "venomous"]
[WhiteElo "2430"]
[Black "Ebenfelt"]
[BlackElo "2247"]
[TimeControl "60+0"]
[Result "1-0"]

1. e4 e6 2. Nf3 Nf6 3. Nc3 Nc6 4. Bb5 d5 5. exd5 Nxd5 6. O-O 
Bd6 7. Nxd5 exd5 8. d3 O-O 9. P@h6 gxh6 10. Bxh6 Bg4 11. Bxc6 bxc6 
12. P@g7 Re8 13. Re1 P@e4 14. dxe4 dxe4 15. N@b7 Qf6 16. Nxd6 cxd6 17. B@g5 
Qg6 18. N@f6+ Qxf6 19. Bxf6 N@g6 20. P@b7 Bxf3 21. Q@h8+ Nxh8 22. gxh8=R# 
{Ebenfelt checkmated} 1-0

[Event "fics rated crazyhouse match"]
[Site "fics, Oklahoma City, OK USA"]
[Date "2000.02.11"]
[White "Ebenfelt"]
[WhiteElo "2243"]
[Black "venomous"]
[BlackElo "2434"]
[TimeControl "60+0"]
[Result "1-0"]

1. e4 e6 2. Nc3 Nc6 3. d4 Nf6 4. Nf3 Bb4 5. e5 Ne4 6. Bd2 
Nxd2 7. Qxd2 d6 8. exd6 cxd6 9. Bd3 Bxc3 10. bxc3 P@g4 11. Ng5 B@h6 
12. B@e3 N@h4 13. Rg1 e5 14. N@h5 exd4 15. cxd4 P@c3 16. Qe2 Kd7 17. P@g3 
Bxg5 18. Bxg5 Qxg5 19. gxh4 Qxh5 20. d5 Ne5 21. P@e6+ fxe6 22. dxe6+ Kxe6 
23. B@f5+ Kf7 24. P@e6+ Bxe6 25. Bxe6+ Kxe6 26. N@f4+ Ke7 27. Nxh5 P@d2+ 28. Kf1 
P@f3 29. Qxe5+ dxe5 30. N@f5+ Kd7 31. Q@e7+ Kc6 32. Qd6# 
{venomous checkmated} 1-0

[Event "fics rated crazyhouse match"]
[Site "fics, Oklahoma City, OK USA"]
[Date "2000.02.11"]
[White "venomous"]
[WhiteElo "2422"]
[Black "Ebenfelt"]
[BlackElo "2255"]
[TimeControl "60+0"]
[Result "1-0"]

1. e4 e5 2. Nf3 Bc5 3. Nc3 Nf6 4. Bc4 Ng4 5. O-O O-O 6. d4 
d5 7. Nxd5 Bxd4 8. Nxd4 exd4 9. P@e7 P@e3 10. exd8=Q Rxd8 11. fxe3 dxe3 
12. Q@e7 P@f2+ 13. Kh1 Nc6 14. Nf6+ gxf6 15. Qdxd8+ Nxd8 16. Qxd8+ N@f8 17. N@e7+ 
Kg7 18. B@h8+ Kh6 19. R@h3+ Kg5 20. Bxf6+ Kf4 21. Rf3+ Kxe4 22. Qd3# 
{Ebenfelt checkmated} 1-0

[Event "fics rated crazyhouse match"]
[Site "fics, Oklahoma City, OK USA"]
[Date "2000.02.11"]
[White "Ebenfelt"]
[WhiteElo "2251"]
[Black "venomous"]
[BlackElo "2426"]
[TimeControl "60+0"]
[Result "1-0"]

1. e4 e6 2. Bc4 Nc6 3. Nc3 Nf6 4. Qf3 Bc5 5. Nh3 Ne5 6. Qe2 
Nxc4 7. Qxc4 d6 8. O-O e5 9. Ng5 O-O 10. N@f5 Bxf5 11. exf5 B@d4 
12. B@e3 Bxe3 13. dxe3 B@h4 14. B@f4 Bxg5 15. Bxg5 N@c6 16. Nd5 Nxd5 17. Bxd8 
Nxd8 18. Qxd5 B@c6 19. N@e7+ Kh8 20. Nxc6 bxc6 21. B@f6 gxf6 22. B@g7+ Kxg7 
23. Qf3 B@g5 24. Qh5 N@g8 25. e4 B@f4 26. Bxf4 exf4 27. h4 B@g6 28. fxg6 
fxg6 29. hxg5 gxh5 30. B@h6+ Nxh6 31. gxh6+ Kf7 32. Q@g7+ Ke6 33. B@f5+ Ke5 
34. N@f3# 
{venomous checkmated} 1-0

[Event "fics rated crazyhouse match"]
[Site "fics, Oklahoma City, OK USA"]
[Date "2000.02.11"]
[White "venomous"]
[WhiteElo "2414"]
[Black "Ebenfelt"]
[BlackElo "2263"]
[TimeControl "60+0"]
[Result "0-1"]

1. e4 e6 2. Nf3 Nf6 3. Nc3 Nc6 4. d4 d5 5. e5 Ne4 6. Bd3 
Bb4 7. Bd2 Nxd2 8. Qxd2 B@e4 9. Bxe4 dxe4 10. Ng5 B@h6 11. B@e3 Nxd4 
12. Qxd4 Bxg5 13. Qxd8+ Bxd8 14. O-O P@f3 15. Q@b5+ c6 16. N@f4 Bxc3 17. bxc3 
cxb5 18. N@d6+ Kf8 19. B@c5 N@h3+ 20. gxh3 N@e2+ 21. Kh1 Q@g2+ 22. Nxg2 fxg2# 
{venomous resigns} 0-1

[Event "fics rated crazyhouse match"]
[Site "fics, Oklahoma City, OK USA"]
[Date "2000.02.11"]
[White "Ebenfelt"]
[WhiteElo "2274"]
[Black "venomous"]
[BlackElo "2403"]
[TimeControl "60+0"]
[Result "0-1"]

1. e4 e6 2. d4 Nc6 3. Nf3 Nf6 4. Bd3 d5 5. e5 Ne4 6. Qe2 
f5 7. exf6 gxf6 8. Bxe4 dxe4 9. Qxe4 B@f5 10. Qe2 P@e4 11. P@f7+ Kxf7 
12. N@g5+ fxg5 13. Nxg5+ Qxg5 14. Bxg5 P@d3 15. Q@f6+ Ke8 16. P@f7+ Kd7 17. cxd3 
exd3 18. P@b5 dxe2 19. bxc6+ Kxc6 20. P@b5+ Kb6 21. N@c4+ Kxb5 22. Qe5+ P@d5 
23. Nba3+ Ka6 24. Qxe2 b5 25. Nxb5 N@d3+ 26. Qxd3 Bxd3 27. Nxc7+ Kb7 28. P@a6+ 
Kxc7 29. P@d6+ Bxd6 30. N@e8+ Kc6 31. Na5+ Kb5 32. a4+ Kxa5 33. Bd2+ Kxa6 
34. b4 Q@e2# 
{Ebenfelt checkmated} 0-1

[Event "fics rated crazyhouse match"]
[Site "fics, Oklahoma City, OK USA"]
[Date "2000.02.11"]
[White "venomous"]
[WhiteElo "2408"]
[Black "Ebenfelt"]
[BlackElo "2269"]
[TimeControl "60+0"]
[Result "1-0"]

1. e4 e5 2. Bc4 Bc5 3. Nf3 Qf6 4. O-O h6 5. Nc3 c6 6. d3 
Ne7 7. Be3 Bb6 8. Bxb6 axb6 9. B@d6 Na6 10. Bxe5 Qg6 11. P@g3 B@g4 
12. Bxa6 d6 13. Bxd6 O-O 14. Bxe7 Rxa6 15. Bxf8 B@h5 16. Bxg7 Kxg7 17. N@e8+ 
Kg8 18. N@f6+ Kh8 19. P@g7# 
{Ebenfelt resigns} 1-0

[Event "fics rated crazyhouse match"]
[Site "fics, Oklahoma City, OK USA"]
[Date "2000.02.11"]
[White "Ebenfelt"]
[WhiteElo "2264"]
[Black "venomous"]
[BlackElo "2413"]
[TimeControl "60+0"]
[Result "0-1"]

1. e4 e6 2. Nc3 Nc6 3. d4 Nf6 4. Nf3 Bb4 5. Bd3 d5 6. exd5 
exd5 7. P@g5 Ne4 8. Qe2 O-O 9. Bxe4 dxe4 10. Qxe4 Bxc3+ 11. bxc3 B@d5 
12. Qe2 Bxf3 13. gxf3 N@g2+ 14. Kd1 N@f4 15. P@f6 Nxe2 16. Kxe2 Re8+ 17. B@e4 
Nxd4+ 18. cxd4 Qxd4 19. N@f5 Bxf5 
{Ebenfelt resigns} 0-1

[Event "fics rated crazyhouse match"]
[Site "fics, Oklahoma City, OK USA"]
[Date "2000.02.11"]
[White "venomous"]
[WhiteElo "2418"]
[Black "Ebenfelt"]
[BlackElo "2259"]
[TimeControl "60+0"]
[Result "1-0"]

1. e4 e5 2. Bc4 Bc5 3. Nf3 Nf6 4. O-O Nxe4 5. d4 Bxd4 6. Nxd4 
exd4 7. Qxd4 d5 8. Bxd5 N@e2+ 9. Kh1 Nxd4 10. Bxe4 P@e2 11. Nd2 exf1=Q+ 
12. Nxf1 P@e2 13. Be3 exf1=Q+ 14. Rxf1 Bf5 15. Bxb7 Nd7 16. Bxd4 f6 17. N@g3 
Be6 18. P@f5 Bf7 19. P@e6 O-O 20. exf7+ Kh8 21. P@g6 hxg6 22. fxg6 N@h4 
23. Bxa8 Qxa8 24. R@h7# 
{Ebenfelt checkmated} 1-0

[Event "fics rated crazyhouse match"]
[Site "fics, Oklahoma City, OK USA"]
[Date "2000.02.11"]
[White "Ebenfelt"]
[WhiteElo "2254"]
[Black "venomous"]
[BlackElo "2423"]
[TimeControl "60+0"]
[Result "0-1"]

1. e4 e6 2. d4 Nc6 3. Nf3 Nf6 4. Bd3 d5 5. e5 Ne4 6. Qe2 
Bb4+ 7. c3 Be7 8. Bxe4 dxe4 9. Qxe4 B@d5 10. Qe2 Bxf3 11. gxf3 Nxe5 
12. B@b5+ Nc6 13. Rg1 P@g6 14. P@h6 Bf6 15. hxg7 Bxg7 16. P@h6 Bf6 17. N@g4 
Bd7 18. Nxf6+ Qxf6 19. B@g7 Qxg7 20. hxg7 O-O-O 21. gxh8=Q Rxh8 22. R@a8+ N@b8 
23. Bxc6 Bxc6 24. N@e7+ Kd7 25. Nxc6 bxc6 26. B@f6 Re8 27. Bf4 P@d6 28. Rxb8 
Rxb8 29. Q@e7+ Kc8 30. Bxd6 R@c1+ 31. Kd2 B@h6+ 32. P@g5 cxd6 33. Qd8+ Kb7 
34. N@a5+ Ka8 35. Qxb8+ Kxb8 36. R@b7+ Kc8 37. Rxa7 Bxg5+ 38. f4 Bxf4+ 39. P@e3 
N@e4+ 40. Kxc1 Bxe3+ 41. Nd2 Bxd2+ 42. Kb1 P@c2+ 43. Kxc2 Q@c1# 
{Ebenfelt forfeits on time} 0-1

[Event "fics rated crazyhouse match"]
[Site "fics, Oklahoma City, OK USA"]
[Date "2000.02.11"]
[White "venomous"]
[WhiteElo "2427"]
[Black "Ebenfelt"]
[BlackElo "2250"]
[TimeControl "60+0"]
[Result "1-0"]

1. e4 e5 2. Nf3 Nc6 3. Bc4 Bc5 4. O-O Nf6 5. c3 d5 6. Bxd5 
Nxd5 7. exd5 Qxd5 8. d4 P@h3 9. dxe5 Qxd1 10. Rxd1 hxg2 11. N@g3 B@h3 
12. Nbd2 Q@f1+ 13. Ndxf1 gxf1=Q+ 14. Rxf1 Nxe5 15. Nxe5 O-O 16. N@h6+ gxh6 17. Q@g7+ 
Kxg7 18. Nh5# 
{Ebenfelt resigns} 1-0

[Event "fics rated crazyhouse match"]
[Site "fics, Oklahoma City, OK USA"]
[Date "2000.02.11"]
[White "Ebenfelt"]
[WhiteElo "2246"]
[Black "venomous"]
[BlackElo "2431"]
[TimeControl "60+0"]
[Result "0-1"]

1. e4 e6 2. Nc3 Nc6 3. Nf3 Bb4 4. Be2 Nf6 5. d3 d5 6. e5 
Ng4 7. O-O Ngxe5 8. Nxe5 Nxe5 9. N@h5 Rg8 10. Bf4 N@g6 11. Bxe5 Nxe5 
12. N@f3 Nxf3+ 13. Bxf3 Bxc3 14. bxc3 B@g6 15. Nf4 P@e5 16. Nxg6 fxg6 17. Re1 
N@f7 18. N@g4 N@c6 19. d4 e4 20. Bxe4 dxe4 21. Rxe4 B@f5 22. B@f3 Bxe4 
23. Bxe4 N@d6 24. B@f3 Nxe4 25. Bxe4 B@f5 26. B@f3 Bxe4 27. Bxe4 B@f5 28. B@f3 
Bxe4 29. Bxe4 B@d5 30. Bxd5 exd5 31. N@e5 Bxg4 32. Qxg4 Ncxe5 33. dxe5 B@f5 
34. Qe2 R@e4 35. e6 Rxe6 36. Qf3 P@g4 37. Qg3 N@e2# 
{Ebenfelt resigns} 0-1

[Event "fics rated crazyhouse match"]
[Site "fics, Oklahoma City, OK USA"]
[Date "2000.02.11"]
[White "venomous"]
[WhiteElo "2435"]
[Black "Ebenfelt"]
[BlackElo "2242"]
[TimeControl "60+0"]
[Result "1-0"]

1. e4 e6 2. d4 Nf6 3. Bd3 d5 4. e5 Ne4 5. Nh3 Bb4+ 6. c3 
Be7 7. O-O f5 8. exf6 Bxf6 9. f3 Ng5 10. Nxg5 Bxg5 11. N@e5 O-O 
12. P@f7+ Rxf7 13. Nxf7 Kxf7 14. Bxh7 P@g6 15. Bxg5 Qxg5 16. B@c1 P@e3 17. R@g4 
B@f2+ 18. Kh1 Qf6 19. Bxg6+ Qxg6 20. Rxg6 Kxg6 21. Rxf2 exf2 22. B@h5+ Kxh5 
23. Q@g5# 
{Ebenfelt checkmated} 1-0

[Event "fics rated crazyhouse match"]
[Site "fics, Oklahoma City, OK USA"]
[Date "2000.02.11"]
[White "Ebenfelt"]
[WhiteElo "2238"]
[Black "venomous"]
[BlackElo "2439"]
[TimeControl "60+0"]
[Result "1-0"]

1. e4 e6 2. d4 Nc6 3. Nf3 Nf6 4. Bd3 d5 5. e5 Ne4 6. Qe2 
Bb4+ 7. c3 Be7 8. O-O O-O 9. Nbd2 Nxd2 10. Bxd2 N@f5 11. N@h5 f6 
12. exf6 Bxf6 13. P@e5 Bh4 14. Nxh4 Qxh4 15. B@g5 Ncxd4 16. cxd4 Nxd4 17. Bxh4 
Nxe2+ 18. Bxe2 N@f5 19. N@e7+ Nxe7 20. Bxe7 Q@g6 21. N@f4 Qf7 22. N@g6 hxg6 
23. Nxg7 Qxg7 24. P@f6 Qf7 25. Bxf8 Kxf8 26. R@g7 B@g8 27. Rxf7+ Bxf7 28. Q@e7+ 
Kg8 29. Q@g7# 
{venomous checkmated} 1-0

[Event "fics rated crazyhouse match"]
[Site "fics, Oklahoma City, OK USA"]
[Date "2000.02.11"]
[White "venomous"]
[WhiteElo "2427"]
[Black "Ebenfelt"]
[BlackElo "2250"]
[TimeControl "60+0"]
[Result "1-0"]

1. e4 e5 2. Bc4 Bc5 3. Nf3 Nc6 4. O-O Nf6 5. d3 d6 6. Bg5 
h6 7. Bh4 Be6 8. h3 Qd7 9. Bxf6 gxf6 10. N@g7+ Kd8 11. Nxe6+ fxe6 
12. Nc3 Rg8 13. B@g4 N@f4 14. Ne2 h5 15. Nxf4 hxg4 16. Nxe6+ Kc8 17. hxg4 
Rxg4 18. P@h3 Rg8 19. Nxc5 dxc5 20. B@e6 Rxg2+ 21. Kh1 Rg8 22. Bxd7+ Kb8 
23. P@g2 Rd8 24. Bxc6 P@e2 25. Qxe2 N@f4 26. N@a6+ bxa6 27. Q@b7# 
{Ebenfelt checkmated} 1-0

[Event "fics rated crazyhouse match"]
[Site "fics, Oklahoma City, OK USA"]
[Date "2000.02.11"]
[White "Ebenfelt"]
[WhiteElo "2246"]
[Black "venomous"]
[BlackElo "2431"]
[TimeControl "60+0"]
[Result "0-1"]

1. e4 e6 2. d4 Nc6 3. Nf3 Nf6 4. Bd3 d6 5. O-O Be7 6. Nc3 
O-O 7. e5 dxe5 8. dxe5 Ng4 9. Ng5 Bxg5 10. Qxg4 Bxc1 11. Raxc1 B@g6 
12. P@h6 P@h5 13. Qg3 h4 14. Qf4 N@h5 15. Qe3 gxh6 16. Qxh6 P@g7 17. Qe3 
Bxd3 18. cxd3 B@f4 19. Qe2 Bxc1 20. Qxh5 R@g5 21. Qxh4 Rxg2+ 22. Kh1 Qxh4 
23. B@g3 Rxh2+ 24. Bxh2 P@g2+ 25. Kxg2 Q@h3+ 26. Kg1 Qxh2# 
{Ebenfelt checkmated} 0-1

[Event "fics rated crazyhouse match"]
[Site "fics, Oklahoma City, OK USA"]
[Date "2000.02.11"]
[White "pminear"]
[WhiteElo "2455"]
[Black "jtp"]
[BlackElo "2333"]
[TimeControl "180+0"]
[Result "1-0"]

1. e4 Nf6 2. Nc3 d5 3. exd5 Nxd5 4. d4 e6 5. Nxd5 exd5 6. Nf3 
Bb4+ 7. Bd2 Qe7+ 8. Qe2 N@e4 9. Bxb4 Qxb4+ 10. B@c3 Qe7 11. P@d3 Nxc3 
12. Qxe7+ Kxe7 13. bxc3 Q@e6+ 14. Q@e5 Nc6 15. N@f5+ Kd8 16. Qxe6 Bxe6 17. Nxg7 
B@b2 18. Nxe6+ fxe6 19. Q@f6+ B@e7 20. Qxh8+ N@f8 21. P@f6 Bxc3+ 22. B@d2 Bxd2+ 
23. Nxd2 Bxf6 24. Qxf8+ Q@e8 25. Qxf6+ Kc8 26. R@f8 Qxf8 27. Qxf8+ R@d8 28. N@e7+ 
Nxe7 29. Qxe7 N@c6 30. B@d7+ Rxd7 31. Qxd7+ Kxd7 32. N@c5+ Ke7 33. B@g5+ Kf8 
34. Nxe6+ Kf7 35. Q@f6+ Ke8 36. P@d7+ Kxd7 37. Nc5+ Kc8 38. R@d8+ Nxd8 39. Qxd8# 
{jtp checkmated} 1-0

[Event "fics rated crazyhouse match"]
[Site "fics, Oklahoma City, OK USA"]
[Date "2000.02.11"]
[White "jtp"]
[WhiteElo "2328"]
[Black "pminear"]
[BlackElo "2460"]
[TimeControl "180+0"]
[Result "0-1"]

1. e4 e5 2. Nf3 Nc6 3. Bc4 Bc5 4. O-O d6 5. c3 Bg4 6. h3 
Bxf3 7. Qxf3 Nf6 8. B@h4 Rg8 9. Na3 Bxa3 10. bxa3 N@f4 11. Rb1 g5 
12. Bg3 Na5 13. Bxf7+ Kxf7 14. Bxf4 gxf4 15. N@h6+ Kg7 16. B@g5 B@g6 17. Nxg8 
Kxg8 18. Bxf6 Qxf6 19. N@g4 Qf8 20. P@g5 B@g7 21. d4 N@h4 22. dxe5 Nxf3+ 
23. gxf3 B@g2 24. R@h2 Bxf3 25. P@g2 Bgxe4 26. N@f6+ Bxf6 27. Nxf6+ Qxf6 28. exf6 
N@e2+ 29. Kh1 Bxg2+ 30. Rxg2 Bxg2+ 31. Kh2 N@f3# 
{jtp forfeits on time} 0-1

[Event "fics rated crazyhouse match"]
[Site "fics, Oklahoma City, OK USA"]
[Date "2000.02.11"]
[White "pminear"]
[WhiteElo "2465"]
[Black "jtp"]
[BlackElo "2323"]
[TimeControl "180+0"]
[Result "0-1"]

1. e4 Nf6 2. Nc3 d5 3. exd5 Nxd5 4. Nxd5 Qxd5 5. Nf3 Nc6 6. N@e3 
Qd8 7. d4 e6 8. Bb5 Bd7 9. Bxc6 Bxc6 10. Ne5 N@f4 11. Nxc6 bxc6 
12. B@f3 B@d5 13. Nxd5 Nxd5 14. N@e5 P@d7 15. Bxd5 cxd5 16. P@c6 Bb4+ 17. Bd2 
Bxd2+ 18. Qxd2 N@e4 19. cxd7+ Kf8 20. B@b4+ B@e7 21. P@h6 gxh6 22. Qxh6+ P@g7 
23. Bxe7+ Qxe7 24. B@c5 B@d6 25. Bxd6 cxd6 26. P@b7 Rd8 27. Qxg7+ Kxg7 28. B@h6+ 
Kxh6 29. Ng4+ Kg7 30. N@h5+ Kg6 31. Nf4+ Kf5 32. Ne3+ Kxf4 33. B@h6+ Ng5 
34. P@g3+ Ke4 35. f3+ Kxd4 36. O-O-O+ Kc5 37. Bxg5 Q@a1+ 38. Kd2 B@a5+ 39. Ke2 
{pminear forfeits on time} 0-1

[Event "fics rated crazyhouse match"]
[Site "fics, Oklahoma City, OK USA"]
[Date "2000.02.11"]
[White "jtp"]
[WhiteElo "2334"]
[Black "pminear"]
[BlackElo "2454"]
[TimeControl "180+0"]
[Result "0-1"]

1. e4 e5 2. Nf3 Nc6 3. Bc4 Bc5 4. c3 Nf6 5. O-O Nxe4 6. d4 
d5 7. dxc5 dxc4 8. B@d5 B@d3 9. Bxc6+ bxc6 10. Nxe5 P@e2 11. Nxd3 exd1=Q 
12. Rxd1 cxd3 13. N@h5 N@e2# 
{jtp resigns} 0-1

[Event "fics rated crazyhouse match"]
[Site "fics, Oklahoma City, OK USA"]
[Date "2000.02.11"]
[White "pminear"]
[WhiteElo "2459"]
[Black "jtp"]
[BlackElo "2329"]
[TimeControl "180+0"]
[Result "1-0"]

1. e4 Nf6 2. Nc3 d5 3. exd5 Nxd5 4. d4 e6 5. Nxd5 exd5 6. Nf3 
Bb4+ 7. Bd2 Qe7+ 8. Qe2 N@e4 9. Bxb4 Qxb4+ 10. B@c3 Qe7 11. P@d3 Nxc3 
12. Qxe7+ Kxe7 13. bxc3 Re8 14. N@e3 P@e6 15. Q@h4+ B@f6 16. Qxh7 B@b2 17. P@e5 
Bxa1 18. exf6+ gxf6 19. B@b4+ P@d6 20. N@g6+ Kd8 21. Qxf7 R@b1+ 22. Ke2 Nd7 
23. P@e7# 
{jtp resigns} 1-0

[Event "fics rated crazyhouse match"]
[Site "fics, Oklahoma City, OK USA"]
[Date "2000.02.11"]
[White "jtp"]
[WhiteElo "2324"]
[Black "pminear"]
[BlackElo "2464"]
[TimeControl "180+0"]
[Result "1-0"]

1. e4 e5 2. Nf3 Nc6 3. Bc4 Bc5 4. c3 Nf6 5. d4 exd4 6. cxd4 
Bxd4 7. O-O P@e5 8. Nc3 P@e6 9. P@d5 Bxc3 10. bxc3 Nxe4 11. dxc6 bxc6 
12. B@h4 P@f6 13. Nxe5 Nxc3 14. Qc2 P@e2 15. Bxe2 Nxe2+ 16. Qxe2 B@d4 17. N@h5 
Rg8 18. P@g6 hxg6 19. P@h7 Rh8 20. Nxg7+ Kf8 21. Bh6 Bxe5 22. Nxe6+ Ke7 
23. Nxd8 Kxd8 24. Qxe5 P@e7 25. P@g7 Re8 26. g8=Q N@d6 27. Qxd6 cxd6 28. Qxe8+ 
Kxe8 29. h8=Q+ N@f8 30. Qxf8# 
{pminear checkmated} 1-0

[Event "fics rated crazyhouse match"]
[Site "fics, Oklahoma City, OK USA"]
[Date "2000.02.11"]
[White "pminear"]
[WhiteElo "2453"]
[Black "jtp"]
[BlackElo "2335"]
[TimeControl "180+0"]
[Result "0-1"]

1. e4 Nf6 2. Nc3 d5 3. exd5 Nxd5 4. Nf3 e6 5. Nxd5 exd5 6. d4 
Bb4+ 7. Bd2 Qe7+ 8. Qe2 Bxd2+ 9. Nxd2 P@e4 10. B@e5 f6 11. Bf4 N@b4 
12. Nb3 B@d3 13. cxd3 Nxd3+ 14. Qxd3 exd3+ 15. P@e5 Q@c2 16. B@b5+ Nc6 17. Bfxd3 
Qxb2 18. P@g6 hxg6 19. Bxg6+ P@f7 20. N@f5 Bxf5 21. Bxf5 P@e6 22. Bfd3 fxe5 
23. dxe5 P@c4 24. B@d4 Qxa1+ 25. Nxa1 cxd3 26. Q@d2 R@b1+ 27. N@c1 Rxb5 28. Nxd3 
Nxd4 29. P@c2 P@b2 30. Nxb2 N@f3+ 31. gxf3 Nxf3+ 32. Kd1 Nxd2 33. Bxd2 Rxb2 
34. N@c3 B@d4 35. Kc1 B@a3 36. N@b5 Rxb5+ 37. P@b2 Bxb2+ 38. Kd1 Q@c1+ 39. Ke2 
Qxh1 
{pminear forfeits on time} 0-1

[Event "fics rated crazyhouse match"]
[Site "fics, Oklahoma City, OK USA"]
[Date "2000.02.11"]
[White "jtp"]
[WhiteElo "2346"]
[Black "pminear"]
[BlackElo "2442"]
[TimeControl "180+0"]
[Result "0-1"]

1. e4 e5 2. Nf3 Nc6 3. Bc4 Bc5 4. c3 Nf6 5. d4 exd4 6. cxd4 
Bxd4 7. O-O P@e5 8. Nc3 Bxc3 9. bxc3 N@d6 10. B@d5 Nxc4 11. Bxc4 B@h5 
12. N@g3 Bxf3 13. Qxf3 N@h4 14. Qd3 P@f4 15. Nf5 Nxf5 16. exf5 d5 17. B@g5 
dxc4 18. Qxd8+ Kxd8 19. Rd1+ B@d3 20. Ba3 Bxf5 21. P@h6 f3 22. Bxf6+ gxf6 
23. Q@d5+ B@d6 24. Qxf3 Bxa3 25. P@g7 Re8 26. Qxf5 Q@d6 27. B@f8 Bxf5 28. Bxd6 
Bxd6 29. Rxd6+ cxd6 30. B@c7+ Kc8 31. Bxd6 N@h3+ 32. gxh3 R@h1+ 33. Kxh1 P@g2+ 
34. Kxg2 Bxh3+ 35. Kxh3 P@g4+ 36. Kxg4 f5+ 37. Kxf5 Q@g6# 
{jtp checkmated} 0-1

[Event "fics rated crazyhouse match"]
[Site "fics, Oklahoma City, OK USA"]
[Date "2000.02.11"]
[White "pminear"]
[WhiteElo "2448"]
[Black "jtp"]
[BlackElo "2340"]
[TimeControl "180+0"]
[Result "1-0"]

1. e4 Nf6 2. e5 Ne4 3. f3 Nc5 4. d4 Na4 5. c4 Nb6 6. Nc3 
d5 7. c5 Nc4 8. Bxc4 dxc4 9. Qa4+ Nc6 10. Be3 B@d3 11. Nge2 e6 
12. O-O Bd7 13. Qd1 Bxe2 14. Qxe2 N@f5 15. B@f2 Nxe3 16. Bxe3 B@d3 17. Qf2 
Bxf1 18. Rxf1 b6 19. cxb6 axb6 20. P@h6 R@g6 21. hxg7 Bxg7 22. B@g5 P@e7 
23. N@h5 Rg8 24. N@h4 Rxg5 25. Bxg5 P@f6 26. exf6 exf6 27. P@h6 fxg5 28. hxg7 
gxh4 29. R@f8+ Rxf8 30. gxf8=Q+ Kxf8 31. B@g7+ Ke8 32. R@g8+ Ke7 33. Bf6+ Kd6 
34. Nb5+ Kd5 35. P@e4# 
{jtp checkmated} 1-0

[Event "fics rated crazyhouse match"]
[Site "fics, Oklahoma City, OK USA"]
[Date "2000.02.11"]
[White "jtp"]
[WhiteElo "2334"]
[Black "pminear"]
[BlackElo "2454"]
[TimeControl "180+0"]
[Result "1-0"]

1. e4 e5 2. Nf3 Nc6 3. Bc4 Bc5 4. c3 Nf6 5. d4 exd4 6. cxd4 
Bxd4 7. O-O P@e5 8. P@d5 Na5 9. Nxd4 exd4 10. Qxd4 N@c2 11. Qe5+ P@e6 
12. dxe6 dxe6 13. B@a4+ Nc6 14. P@d5 Nxa1 15. dxc6 bxc6 16. Bxc6+ Bd7 17. Bxa8 
P@d6 18. Qg3 R@g4 19. Qxg4 Nxg4 20. N@h5 Qxa8 21. Nxg7+ Kd8 22. P@f6 Nxf6 
23. Bg5 B@e7 24. R@f3 Rg8 25. Bxf6 Bxf6 26. Rxf6 Rxg7 27. B@h4 Rxg2+ 28. Kxg2 
P@h3+ 29. Kxh3 P@g4+ 30. Kxg4 h5+ 31. Kxh5 N@g7+ 32. Kh6 B@e7 33. Kxg7 Q@f8+ 
34. Kh7 Bxf6 35. Bxf6+ P@e7 36. P@g7 R@h5+ 37. B@h6 Rxh6+ 38. Kxh6 B@f4+ 39. P@g5 
Qg8 40. R@f8# 
{pminear forfeits on time} 1-0

[Event "fics rated crazyhouse match"]
[Site "fics, Oklahoma City, OK USA"]
[Date "2000.02.11"]
[White "pminear"]
[WhiteElo "2443"]
[Black "jtp"]
[BlackElo "2345"]
[TimeControl "180+0"]
[Result "1-0"]

1. e4 Nf6 2. e5 Ne4 3. Nc3 Nxf2 4. Kxf2 Nc6 5. d4 d6 6. exd6 
cxd6 7. d5 Ne5 8. Bb5+ P@c6 9. Be2 e6 10. dxc6 bxc6 11. Nf3 Ng4+ 
12. Kf1 P@e3 13. N@h3 Be7 14. Qd3 Qb6 15. Rb1 a5 16. Nd1 Ba6 17. P@c4 
P@d5 18. Nxe3 Nxe3+ 19. Bxe3 dxc4 20. P@d7+ Kf8 21. Bxb6 cxd3 22. cxd3 Q@c2 
23. Q@d1 Qxd1+ 24. Rxd1 Q@b7 25. Bd4 e5 26. Be3 N@f5 27. Bc1 Qxd7 28. P@g4 
P@c2 29. Re1 Nd4 30. Nxd4 exd4 31. P@h6 Bf6 32. hxg7+ Bxg7 33. P@h6 Be5 
34. N@f3 N@e3+ 35. Bxe3 dxe3 36. Nxe5 dxe5 37. Q@g7+ Ke7 38. Qxe5+ N@e6 39. N@f5+ 
Kd8 40. Qxh8+ Kc7 41. B@g3+ Kb7 42. Nxe3 Rxh8 43. N@c5# 
{jtp forfeits on time} 1-0

[Event "fics rated crazyhouse match"]
[Site "fics, Oklahoma City, OK USA"]
[Date "2000.02.11"]
[White "jtp"]
[WhiteElo "2339"]
[Black "pminear"]
[BlackElo "2449"]
[TimeControl "180+0"]
[Result "0-1"]

1. e4 e5 2. Nf3 Nc6 3. Bc4 Bc5 4. c3 Nf6 5. d4 exd4 6. cxd4 
Bxd4 7. O-O P@e5 8. Nc3 Bxc3 9. bxc3 N@d6 10. B@d5 Nxc4 11. Bxc4 B@h5 
12. N@g3 Bxf3 13. Qxf3 N@h4 14. Qd3 P@f4 15. Nf5 Nxf5 16. exf5 d5 17. P@g5 
e4 18. Re1 N@e5 19. gxf6 exd3 20. fxg7 Rg8 21. Bxf4 Rxg7 22. Bxe5 Rxg2+ 
23. Kxg2 P@f3+ 24. Kxf3 P@e4+ 25. Ke3 Qg5+ 26. B@f4 Q@f3+ 27. Kd2 Qxf2+ 28. P@e2 
Nxe5 29. Bb5+ Bd7 30. Bxd7+ Kxd7 31. P@e6+ fxe6 32. fxe6+ Kxe6 33. N@d4+ Qxd4 
34. B@h3+ P@g4 35. Bxg5 N@c4+ 36. Kc1 P@b2+ 37. Kb1 Na3# 
{jtp forfeits on time} 0-1

[Event "fics rated crazyhouse match"]
[Site "fics, Oklahoma City, OK USA"]
[Date "2000.02.11"]
[White "jtp"]
[WhiteElo "2328"]
[Black "pminear"]
[BlackElo "2460"]
[TimeControl "180+0"]
[Result "0-1"]

1. e4 e5 2. Nf3 Nc6 3. Bc4 Bc5 4. c3 Nf6 5. d4 exd4 6. cxd4 
Bxd4 7. O-O P@e5 8. P@d5 Na5 9. Nxd4 exd4 10. Qxd4 Nxc4 11. Qxc4 N@e5 
12. Qd4 d6 13. B@a4+ c6 14. f4 B@b6 15. Be3 Bxd4 16. Bxd4 P@e2 17. Re1 
Bh3 18. fxe5 Bxg2 19. Kxg2 P@f3+ 20. Kxf3 Q@g4+ 21. Ke3 Qxe4+ 22. Kd2 Qxd4+ 
23. Kxe2 
{jtp resigns} 0-1

[Event "fics rated crazyhouse match"]
[Site "fics, Oklahoma City, OK USA"]
[Date "2000.02.11"]
[White "pminear"]
[WhiteElo "2465"]
[Black "jtp"]
[BlackElo "2323"]
[TimeControl "180+0"]
[Result "1-0"]

1. e4 Nf6 2. e5 Ne4 3. Nc3 Nxf2 4. Kxf2 Nc6 5. d4 d6 6. exd6 
cxd6 7. d5 Ne5 8. Nf3 Ng4+ 9. Ke2 e6 10. P@h3 Nf6 11. dxe6 Bxe6 
12. Be3 P@e4 13. Nd4 Bc4+ 14. Ke1 Bxf1 15. Rxf1 B@h5 16. B@e2 Bxe2 17. Qxe2 
B@h5 18. P@g4 Bg6 19. N@d5 P@d3 20. cxd3 exd3 21. B@b5+ P@c6 22. Nxf6+ gxf6 
23. Bxd3 Bxd3 24. Qxd3 N@e5 25. Qd1 B@a6 26. P@e2 P@d3 27. exd3 Nxd3+ 28. Kd2 
Nxb2 29. Qf3 Nc4+ 30. Ke1 Nxe3 31. Qxe3+ P@e5 32. P@e6 fxe6 33. Nxe6 Qe7 
34. N@c7+ Kd7 35. Nxa6 B@b6 36. Qe2 Kxe6 37. B@f5+ Kf7 38. B@e6+ Kg7 39. N@h5+ 
Kh6 40. P@e3 P@c2 41. g5# 
{jtp forfeits on time} 1-0

[Event "fics rated crazyhouse match"]
[Site "fics, Oklahoma City, OK USA"]
[Date "2000.02.11"]
[White "jtp"]
[WhiteElo "2318"]
[Black "pminear"]
[BlackElo "2470"]
[TimeControl "180+0"]
[Result "1-0"]

1. e4 e5 2. Nf3 Nc6 3. d4 exd4 4. Nxd4 Nf6 5. Nc3 P@b4 6. P@g5 
bxc3 7. gxf6 Qxf6 8. bxc3 Nxd4 9. cxd4 Bb4+ 10. Bd2 P@c3 11. Be3 N@d2 
12. N@d5 N@f3+ 13. gxf3 Nxf3+ 14. Ke2 Nxd4+ 15. Bxd4 P@f3+ 16. Kd3 P@e2 17. Bxe2 
fxe2 18. Qxe2 Qc6 19. N@e5 Qxd5 20. exd5 N@f4+ 21. Ke3 Nxe2 22. Q@e4 Q@d2+ 
23. Kf3 Nxd4+ 24. Kg2 B@f5 25. Qe3 Qxe3 26. fxe3 B@h3+ 27. Kg3 Q@g2+ 28. Kh4 
g5+ 29. Kh5 Bg6+ 30. Kh6 
{pminear forfeits on time} 1-0